[ AOE2 MATCH · #484294488 ]
UnrankedKhitans vs Spanish
[ REPLAY ANALYSIS · EXTRACTED FROM THE RECORDED GAME ]
Feudal
13:53
Castle
17:42
Imperial
37:31
| APM avg | 22.5 |
| APM peak | 97 |
| eAPM avg | 11.1 |
| Villagers / military | 151 / 24 |
Focus
⚔️ 33.1% · 🌾 66.9%
Unknown (1920) ×118 · Steppe Lancer ×21 · Demolition Raft ×3 · Fishing Ship ×1
Feudal
11:34
Castle
34:30
Imperial
—
| APM avg | 14.0 |
| APM peak | 45 |
| eAPM avg | 8.6 |
| Villagers / military | 90 / 89 |
Focus
⚔️ 32.3% · 🌾 67.7%
Spearman ×24 · Knight ×15 · Archer ×13 · Scout Cavalry ×12 · Skirmisher ×10 · Militia ×5
Feudal
10:34
Castle
31:32
Imperial
—
| APM avg | 8.3 |
| APM peak | 35 |
| eAPM avg | 7.0 |
| Villagers / military | 57 / 157 |
Focus
⚔️ 49.4% · 🌾 50.6%
Teutonic Knight ×72 · Spearman ×37 · Fire Galley ×30 · Militia ×10 · Battering Ram ×5 · Demolition Raft ×3
Feudal
11:38
Castle
28:19
Imperial
43:51
| APM avg | 25.0 |
| APM peak | 52 |
| eAPM avg | 10.9 |
| Villagers / military | 81 / 91 |
Focus
⚔️ 23.0% · 🌾 77.0%
Hussite Wagon ×44 · Hand Cannoneer ×25 · Scout Cavalry ×17 · Battering Ram ×5
Match map
Initial resources + every placement click. Lines = walls · curves = elevation contours. ◆ gold · ⬟ stone · ● berries · ✦ relic · ◌ wall gap
Inputs per minute
— 苹果核桃醋 - - Bong_serpant
Build order — 苹果核桃醋
First 150 of 333 actions detected
| 0:00 | Create | Villager (Male) ×4 |
| 0:01 | Create | Villager (Male) ×4 |
| 0:03 | Build | House |
| 0:04 | Build | House |
| 1:29 | Create | Villager (Male) |
| 2:03 | Create | Villager (Male) |
| 2:10 | Build | Lumber Camp |
| 2:37 | Create | Villager (Male) |
| 2:56 | Create | Villager (Male) |
| 2:57 | Create | Villager (Male) |
| 3:28 | Build | House |
| 3:47 | Create | Villager (Male) |
| 3:59 | Build | House |
| 4:07 | Create | Villager (Male) |
| 4:46 | Create | Villager (Male) |
| 4:47 | Create | Villager (Male) |
| 5:16 | Create | Villager (Male) |
| 5:17 | Create | Villager (Male) |
| 5:17 | Create | Villager (Male) |
| 5:32 | Build | Dock |
| 6:07 | Create | Villager (Male) |
| 6:07 | Create | Villager (Male) |
| 6:12 | Create | Fishing Ship |
| 7:13 | Create | Villager (Male) |
| 7:13 | Create | Villager (Male) |
| 7:31 | Build | Mill |
| 7:58 | Build | House |
| 8:02 | Build | House |
| 8:03 | Build | House |
| 8:45 | Create | Villager (Male) |
| 8:46 | Create | Villager (Male) |
| 8:46 | Create | Villager (Male) |
| 9:05 | Create | Villager (Male) |
| 9:53 | Build | Mill |
| 10:18 | Research | Loom |
| 10:22 | Build | Pasture |
| 10:23 | Build | Pasture |
| 10:23 | Build | Pasture |
| 10:23 | Build | Pasture |
| 10:24 | Build | Pasture |
| 10:24 | Build | Pasture |
| 10:42 | Create | Villager (Male) |
| 11:06 | Build | Pasture |
| 11:13 | Create | Villager (Male) |
| 11:40 | Build | House |
| 11:43 | Research | Feudal Age |
| 11:53 | Build | Mining Camp |
| 12:02 | Build | House |
| 12:35 | Build | House |
| 13:11 | Build | House |
| 13:12 | Build | House |
| 13:14 | Build | House |
| 13:42 | Build | Barracks |
| 13:53 | Age | Feudal Age |
| 13:55 | Build | Blacksmith |
| 14:04 | Create | Villager (Male) |
| 14:05 | Create | Villager (Male) |
| 14:19 | Build | Fish Trap |
| 14:21 | Build | House |
| 14:28 | Build | Stable |
| 15:02 | Research | Castle Age |
| 15:02 | Research | Castle Age |
| 15:06 | Build | House |
| 15:48 | Build | Mining Camp |
| 16:46 | Research | Tech 1014 |
| 16:48 | Research | Double-Bit Axe |
| 16:53 | Research | Fletching |
| 16:55 | Research | Forging |
| 16:55 | Research | Scale Barding Armor |
| 16:58 | Research | Stone Mining |
| 17:01 | Research | Gold Mining |
| 17:08 | Research | Gold Mining |
| 17:29 | Build | Pasture |
| 17:32 | Create | Villager (Male) |
| 17:32 | Create | Villager (Male) |
| 17:33 | Create | Villager (Male) |
| 17:33 | Create | Villager (Male) |
| 17:42 | Age | Castle Age |
| 17:43 | Create | Steppe Lancer |
| 17:43 | Create | Steppe Lancer |
| 18:11 | Create | Villager (Male) |
| 18:17 | Create | Steppe Lancer |
| 18:27 | Build | Pasture |
| 18:40 | Build | Lumber Camp |
| 18:44 | Create | Steppe Lancer |
| 18:45 | Research | Husbandry |
| 19:31 | Create | Villager (Male) |
| 19:34 | Build | Pasture |
| 19:48 | Build | Pasture |
| 19:56 | Research | Iron Casting |
| 20:12 | Create | Villager (Male) |
| 20:26 | Create | Villager (Male) |
| 20:29 | Build | Pasture |
| 21:01 | Create | Villager (Male) |
| 21:01 | Create | Villager (Male) |
| 21:01 | Create | Villager (Male) |
| 21:14 | Create | Villager (Male) |
| 21:14 | Create | Villager (Male) |
| 21:19 | Build | Pasture |
| 21:21 | Build | Pasture |
| 21:58 | Create | Villager (Male) |
| 21:58 | Create | Villager (Male) |
| 22:03 | Build | Town Center |
| 22:05 | Create | Villager (Male) |
| 22:16 | Create | Steppe Lancer |
| 22:16 | Create | Steppe Lancer |
| 22:16 | Create | Steppe Lancer |
| 22:27 | Research | Tech 1013 |
| 22:42 | Create | Villager (Male) |
| 22:42 | Create | Villager (Male) |
| 23:04 | Create | Villager (Male) ×2 |
| 23:15 | Build | Pasture |
| 23:20 | Build | Pasture |
| 23:43 | Build | Pasture |
| 23:46 | Create | Steppe Lancer |
| 23:47 | Create | Steppe Lancer |
| 24:00 | Create | Demolition Raft |
| 24:09 | Research | Tech 905 |
| 24:26 | Build | Barracks |
| 24:28 | Build | House |
| 24:33 | Research | Stone Shaft Mining |
| 24:34 | Create | Villager (Male) |
| 24:34 | Create | Villager (Male) |
| 24:36 | Create | Villager (Male) ×4 |
| 24:44 | Create | Steppe Lancer |
| 24:58 | Create | Villager (Male) |
| 24:58 | Create | Villager (Male) |
| 25:04 | Build | Pasture |
| 25:05 | Build | Pasture |
| 25:37 | Create | Steppe Lancer |
| 25:37 | Create | Steppe Lancer |
| 25:40 | Create | Steppe Lancer |
| 25:40 | Create | Steppe Lancer |
| 25:53 | Create | Demolition Raft |
| 26:09 | Create | Steppe Lancer |
| 26:10 | Create | Steppe Lancer |
| 26:34 | Create | Demolition Raft |
| 26:48 | Create | Villager (Male) ×5 |
| 26:48 | Create | Villager (Male) ×5 |
| 26:59 | Build | Mining Camp |
| 27:17 | Create | Villager (Male) ×5 |
| 27:17 | Create | Villager (Male) ×2 |
| 27:21 | Build | Town Center |
| 27:38 | Research | Wheelbarrow |
| 27:50 | Create | Steppe Lancer |
| 27:50 | Create | Steppe Lancer |
| 28:01 | Build | Town Center |
| 28:21 | Build | Pasture |
| 28:26 | Build | Pasture |
| 28:34 | Build | Pasture |
Build order — Bong_serpant
First 150 of 289 actions detected
| 0:14 | Build | House |
| 0:15 | Build | House |
| 0:28 | Create | Villager (Male) |
| 0:28 | Create | Villager (Male) |
| 0:28 | Create | Villager (Male) |
| 0:29 | Create | Villager (Male) |
| 0:29 | Create | Villager (Male) |
| 1:05 | Build | House |
| 1:06 | Build | House |
| 1:32 | Create | Villager (Male) |
| 2:44 | Create | Villager (Male) |
| 2:45 | Create | Villager (Male) |
| 2:53 | Create | Villager (Male) |
| 3:22 | Create | Villager (Male) |
| 3:51 | Create | Villager (Male) |
| 3:56 | Create | Villager (Male) |
| 4:08 | Create | Villager (Male) |
| 4:45 | Create | Villager (Male) |
| 4:45 | Create | Villager (Male) |
| 5:06 | Create | Villager (Male) |
| 5:57 | Create | Villager (Male) |
| 5:57 | Create | Villager (Male) |
| 5:58 | Create | Villager (Male) |
| 6:52 | Build | Mill |
| 7:03 | Build | Lumber Camp |
| 9:24 | Research | Feudal Age |
| 9:54 | Build | Dock |
| 10:36 | Create | Fishing Ship |
| 10:36 | Create | Fishing Ship |
| 11:02 | Create | Villager (Male) |
| 11:02 | Create | Villager (Male) |
| 11:02 | Create | Villager (Male) |
| 11:02 | Create | Villager (Male) |
| 11:03 | Create | Villager (Male) |
| 11:11 | Build | House |
| 11:11 | Build | House |
| 11:13 | Build | House |
| 11:21 | Build | House |
| 11:34 | Age | Feudal Age |
| 11:44 | Create | Villager (Male) |
| 11:44 | Create | Villager (Male) |
| 11:49 | Research | Horse Collar |
| 12:01 | Research | Double-Bit Axe |
| 12:13 | Build | Farm |
| 12:13 | Build | Farm |
| 12:14 | Build | Farm |
| 12:14 | Build | Farm |
| 12:14 | Build | Farm |
| 12:14 | Build | Farm |
| 12:18 | Build | Farm |
| 13:01 | Build | Mining Camp |
| 13:14 | Create | Villager (Male) |
| 13:14 | Create | Villager (Male) |
| 13:15 | Create | Villager (Male) |
| 13:49 | Create | Villager (Male) |
| 13:49 | Create | Villager (Male) |
| 13:50 | Create | Villager (Male) |
| 13:50 | Create | Villager (Male) |
| 13:50 | Create | Villager (Male) |
| 13:50 | Create | Villager (Male) |
| 14:39 | Create | Villager (Male) |
| 14:40 | Create | Villager (Male) |
| 14:40 | Create | Villager (Male) |
| 15:23 | Create | Villager (Male) |
| 15:23 | Create | Villager (Male) |
| 15:23 | Create | Villager (Male) |
| 15:24 | Create | Villager (Male) |
| 16:03 | Build | Barracks |
| 16:22 | Build | Blacksmith |
| 16:46 | Build | Farm |
| 16:47 | Build | Farm |
| 16:49 | Build | Farm |
| 16:50 | Build | Farm |
| 16:54 | Build | Farm |
| 16:55 | Build | Farm |
| 17:22 | Research | Man-at-Arms (upgrade) |
| 17:23 | Research | Arson |
| 17:24 | Create | Militia |
| 17:24 | Create | Militia |
| 17:25 | Create | Militia |
| 17:25 | Create | Militia |
| 17:25 | Create | Militia |
| 18:08 | Build | Market |
| 18:18 | Build | Market |
| 18:45 | Research | Scale Mail Armor |
| 18:46 | Research | Forging |
| 19:32 | Build | Farm |
| 19:34 | Build | Farm |
| 19:37 | Build | Farm |
| 20:04 | Build | House |
| 20:05 | Build | House |
| 20:08 | Build | House |
| 20:09 | Build | House |
| 20:11 | Build | House |
| 20:12 | Build | House |
| 20:14 | Build | House |
| 20:16 | Build | House |
| 20:17 | Build | House |
| 20:31 | Build | Farm |
| 20:54 | Create | Spearman |
| 20:54 | Create | Spearman |
| 20:55 | Create | Spearman |
| 20:55 | Create | Spearman |
| 20:55 | Create | Spearman |
| 20:56 | Create | Spearman |
| 20:56 | Create | Spearman |
| 20:56 | Create | Spearman |
| 20:57 | Create | Spearman |
| 21:41 | Build | Archery Range |
| 21:47 | Build | Archery Range |
| 22:44 | Build | Stable |
| 22:48 | Build | Stable |
| 22:56 | Research | Loom |
| 23:11 | Research | Bloodlines |
| 23:12 | Create | Scout Cavalry |
| 23:12 | Create | Scout Cavalry |
| 23:12 | Create | Scout Cavalry |
| 23:12 | Create | Scout Cavalry |
| 23:13 | Create | Scout Cavalry |
| 23:13 | Create | Scout Cavalry |
| 25:16 | Build | Stone Wall |
| 25:23 | Build | Stone Wall |
| 26:00 | Create | Villager (Male) |
| 26:00 | Create | Villager (Male) |
| 26:00 | Create | Villager (Male) |
| 26:01 | Create | Villager (Male) |
| 26:01 | Create | Villager (Male) |
| 26:01 | Create | Villager (Male) |
| 26:49 | Build | Stone Wall |
| 28:16 | Create | Villager (Male) |
| 28:17 | Create | Villager (Male) |
| 28:17 | Create | Villager (Male) |
| 28:17 | Create | Villager (Male) |
| 28:17 | Create | Villager (Male) |
| 28:18 | Create | Villager (Male) |
| 28:18 | Create | Villager (Male) |
| 28:18 | Create | Villager (Male) |
| 28:44 | Create | Archer |
| 28:45 | Create | Archer |
| 28:45 | Create | Archer |
| 28:45 | Create | Archer |
| 28:45 | Create | Archer |
| 28:46 | Create | Archer |
| 28:46 | Create | Archer |
| 29:15 | Build | Farm |
| 30:31 | Build | Lumber Camp |
| 30:44 | Research | Castle Age |
| 31:19 | Build | Farm |
| 31:36 | Create | Archer |
| 31:37 | Create | Archer |
Build order — FrankstonSamurai
First 150 of 298 actions detected
| 0:32 | Build | House |
| 0:34 | Build | House |
| 0:46 | Create | Villager (Male) |
| 0:46 | Create | Villager (Male) |
| 0:47 | Create | Villager (Male) |
| 0:47 | Create | Villager (Male) |
| 1:51 | Build | House |
| 3:41 | Create | Villager (Male) |
| 3:41 | Create | Villager (Male) |
| 3:41 | Create | Villager (Male) |
| 4:28 | Build | Lumber Camp |
| 4:56 | Create | Villager (Male) |
| 4:56 | Create | Villager (Male) |
| 4:56 | Create | Villager (Male) |
| 4:57 | Create | Villager (Male) |
| 7:02 | Build | Mill |
| 8:24 | Research | Feudal Age |
| 10:18 | Build | Dock |
| 10:34 | Age | Feudal Age |
| 10:37 | Research | Double-Bit Axe |
| 10:52 | Build | Farm |
| 10:52 | Build | Farm |
| 10:52 | Build | Farm |
| 10:53 | Build | Farm |
| 10:53 | Build | Farm |
| 10:53 | Build | Farm |
| 10:54 | Build | Farm |
| 10:54 | Build | Farm |
| 10:55 | Build | Farm |
| 11:27 | Build | Watch Tower |
| 11:36 | Create | Villager (Male) |
| 11:36 | Create | Villager (Male) |
| 12:51 | Research | Town Watch |
| 13:02 | Build | House |
| 13:05 | Build | House |
| 13:12 | Create | Villager (Male) |
| 14:13 | Create | Villager (Male) |
| 14:53 | Build | Barracks |
| 15:07 | Build | Mining Camp |
| 15:12 | Create | Villager (Male) |
| 15:13 | Create | Villager (Male) |
| 15:13 | Create | Villager (Male) |
| 16:37 | Create | Militia |
| 16:37 | Create | Militia |
| 16:37 | Create | Militia |
| 16:40 | Create | Militia |
| 17:20 | Create | Villager (Male) |
| 17:20 | Create | Villager (Male) |
| 18:08 | Build | Farm |
| 18:08 | Build | Farm |
| 18:09 | Build | Farm |
| 18:09 | Build | Farm |
| 18:09 | Build | Farm |
| 18:10 | Build | Farm |
| 18:10 | Build | Farm |
| 18:11 | Build | Farm |
| 18:11 | Build | Farm |
| 18:23 | Create | Villager (Male) |
| 18:24 | Create | Villager (Male) |
| 18:24 | Create | Villager (Male) |
| 18:41 | Build | House |
| 18:44 | Build | House |
| 18:45 | Build | House |
| 18:46 | Build | House |
| 18:49 | Build | House |
| 19:09 | Research | Man-at-Arms (upgrade) |
| 19:30 | Create | Fire Galley |
| 19:34 | Create | Fire Galley |
| 19:35 | Create | Fire Galley |
| 19:36 | Create | Fire Galley |
| 20:06 | Research | Wheelbarrow |
| 20:21 | Create | Militia |
| 20:21 | Create | Militia |
| 20:22 | Create | Militia |
| 20:33 | Create | Villager (Male) |
| 20:33 | Create | Villager (Male) |
| 21:50 | Build | Farm |
| 22:04 | Research | Arson |
| 22:33 | Create | Militia |
| 22:34 | Create | Militia |
| 22:35 | Create | Militia |
| 22:46 | Build | Blacksmith |
| 23:13 | Create | Villager (Male) |
| 23:13 | Create | Villager (Male) |
| 23:14 | Create | Villager (Male) |
| 23:47 | Build | Farm |
| 23:47 | Build | Farm |
| 23:48 | Build | Farm |
| 24:26 | Research | Forging |
| 24:27 | Research | Scale Mail Armor |
| 25:16 | Create | Spearman |
| 25:16 | Create | Spearman |
| 25:16 | Create | Spearman |
| 25:17 | Create | Spearman |
| 25:17 | Create | Spearman |
| 25:18 | Create | Spearman |
| 25:18 | Create | Spearman |
| 25:18 | Create | Spearman |
| 25:19 | Create | Spearman |
| 25:19 | Create | Spearman |
| 26:12 | Create | Fire Galley |
| 26:13 | Create | Fire Galley |
| 26:53 | Create | Spearman |
| 26:54 | Create | Spearman |
| 26:54 | Create | Spearman |
| 26:55 | Create | Spearman |
| 26:55 | Create | Spearman |
| 27:11 | Build | Watch Tower |
| 27:34 | Build | Market |
| 27:52 | Create | Demolition Raft |
| 27:55 | Create | Demolition Raft |
| 27:58 | Create | Demolition Raft |
| 28:52 | Research | Castle Age |
| 29:34 | Create | Spearman |
| 29:34 | Create | Spearman |
| 29:47 | Create | Villager (Male) |
| 29:47 | Create | Villager (Male) |
| 29:47 | Create | Villager (Male) |
| 29:48 | Create | Villager (Male) |
| 30:13 | Create | Spearman |
| 30:13 | Create | Spearman |
| 30:13 | Create | Spearman |
| 30:13 | Create | Spearman |
| 30:13 | Create | Spearman |
| 31:07 | Build | Barracks |
| 31:32 | Age | Castle Age |
| 31:59 | Build | Palisade Wall |
| 32:25 | Research | Pikeman (upgrade) |
| 32:28 | Research | Squires |
| 32:33 | Build | Farm |
| 32:59 | Research | Gambesons |
| 33:06 | Create | Spearman |
| 33:06 | Create | Spearman |
| 33:06 | Create | Spearman |
| 34:30 | Create | Villager (Male) |
| 34:31 | Create | Villager (Male) |
| 34:31 | Create | Villager (Male) |
| 34:32 | Create | Villager (Male) |
| 34:32 | Create | Villager (Male) |
| 35:12 | Build | Town Center |
| 36:23 | Build | House |
| 36:26 | Build | House |
| 36:31 | Build | House |
| 36:33 | Build | House |
| 36:42 | Create | Spearman |
| 36:42 | Create | Spearman |
| 36:42 | Create | Spearman |
| 36:44 | Create | Spearman |
| 36:44 | Create | Spearman |
| 37:56 | Research | Hand Cart |
Build order — 啥也不干
First 150 of 159 actions detected
| 0:05 | Build | House |
| 0:08 | Create | Villager (Male) ×4 |
| 0:21 | Build | House |
| 2:05 | Build | Lumber Camp |
| 2:07 | Create | Villager (Male) |
| 2:38 | Create | Villager (Male) |
| 2:38 | Create | Villager (Male) |
| 3:13 | Create | Villager (Male) |
| 3:35 | Create | Villager (Male) |
| 3:43 | Build | House |
| 3:57 | Research | Loom |
| 4:34 | Build | Mill |
| 4:36 | Create | Villager (Male) |
| 4:56 | Create | Villager (Male) |
| 4:56 | Create | Villager (Male) |
| 6:16 | Create | Villager (Male) |
| 6:16 | Create | Villager (Male) |
| 6:16 | Create | Villager (Male) |
| 6:41 | Create | Villager (Male) |
| 6:44 | Build | House |
| 7:18 | Build | Mining Camp |
| 7:43 | Create | Villager (Male) |
| 8:38 | Create | Villager (Male) |
| 8:51 | Create | Villager (Male) |
| 9:12 | Create | Villager (Male) |
| 9:18 | Research | Feudal Age |
| 9:33 | Build | House |
| 10:01 | Build | Mill |
| 11:38 | Age | Feudal Age |
| 11:39 | Create | Villager (Male) |
| 11:39 | Create | Villager (Male) |
| 11:59 | Build | Barracks |
| 12:04 | Create | Villager (Male) |
| 12:09 | Build | Farm |
| 12:11 | Create | Villager (Male) |
| 12:11 | Create | Villager (Male) |
| 12:53 | Create | Villager (Male) |
| 13:04 | Create | Villager (Male) ×5 |
| 13:50 | Build | House |
| 14:21 | Build | Stable |
| 14:41 | Build | Farm |
| 15:01 | Create | Scout Cavalry ×5 |
| 15:17 | Build | Blacksmith |
| 15:35 | Build | House |
| 15:53 | Build | House |
| 15:54 | Build | House |
| 16:02 | Build | Farm |
| 16:09 | Research | Forging |
| 16:53 | Build | Lumber Camp |
| 17:43 | Build | Farm |
| 17:46 | Build | Farm |
| 18:25 | Create | Scout Cavalry ×4 |
| 18:44 | Build | Market |
| 19:12 | Create | Scout Cavalry |
| 19:27 | Build | Mining Camp |
| 19:31 | Create | Villager (Male) |
| 19:31 | Create | Villager (Male) |
| 19:56 | Build | Farm |
| 19:57 | Build | Farm |
| 20:15 | Build | House |
| 21:22 | Build | Farm |
| 21:24 | Create | Villager (Male) |
| 21:59 | Build | Farm |
| 23:50 | Create | Scout Cavalry ×5 |
| 23:52 | Create | Scout Cavalry ×2 |
| 23:56 | Create | Villager (Male) |
| 24:41 | Build | Farm |
| 24:44 | Create | Villager (Male) |
| 25:17 | Build | Farm |
| 25:21 | Research | Scale Barding Armor |
| 25:39 | Research | Castle Age |
| 25:42 | Research | Horse Collar |
| 25:45 | Research | Double-Bit Axe |
| 28:19 | Age | Castle Age |
| 28:22 | Create | Villager (Male) ×5 |
| 28:36 | Build | Castle |
| 28:54 | Build | Farm |
| 29:07 | Research | Iron Casting |
| 29:13 | Create | Villager (Male) ×5 |
| 29:22 | Build | Farm |
| 29:47 | Create | Villager (Male) |
| 29:47 | Create | Villager (Male) |
| 30:28 | Create | Hussite Wagon ×5 |
| 30:41 | Build | Mining Camp |
| 31:24 | Build | Town Center |
| 31:52 | Research | Wagenburg Tactics |
| 32:16 | Create | Hussite Wagon |
| 32:46 | Build | University |
| 33:03 | Build | Lumber Camp |
| 33:20 | Create | Villager (Male) ×5 |
| 33:25 | Research | Bow Saw |
| 33:32 | Create | Villager (Male) |
| 33:33 | Create | Villager (Male) |
| 33:33 | Create | Villager (Male) |
| 33:40 | Build | House |
| 33:41 | Build | House |
| 33:42 | Build | House |
| 33:51 | Build | Farm |
| 33:53 | Create | Villager (Male) ×5 |
| 34:17 | Research | Chemistry |
| 34:29 | Build | Farm |
| 34:35 | Build | Farm |
| 34:40 | Build | Farm |
| 34:45 | Build | Farm |
| 34:53 | Build | Farm |
| 34:59 | Build | Farm |
| 35:10 | Create | Hussite Wagon ×5 |
| 35:30 | Build | Castle |
| 35:45 | Build | Mining Camp |
| 35:59 | Build | Farm |
| 36:22 | Build | Archery Range |
| 36:23 | Build | Archery Range |
| 36:28 | Research | Wheelbarrow |
| 37:15 | Build | Siege Workshop |
| 37:19 | Create | Hussite Wagon ×4 |
| 37:46 | Create | Hand Cannoneer ×5 |
| 37:48 | Create | Hand Cannoneer ×5 |
| 37:48 | Create | Hand Cannoneer ×5 |
| 38:04 | Build | Farm |
| 38:06 | Build | Farm |
| 38:07 | Build | Farm |
| 38:10 | Create | Villager (Male) ×5 |
| 39:58 | Create | Hussite Wagon ×3 |
| 40:31 | Build | Lumber Camp |
| 40:35 | Create | Villager (Male) ×5 |
| 40:41 | Research | Imperial Age |
| 40:43 | Create | Villager (Male) ×5 |
| 41:03 | Build | Lumber Camp |
| 41:08 | Create | Hussite Wagon |
| 43:05 | Create | Hussite Wagon ×5 |
| 43:30 | Research | Ballistics |
| 43:35 | Create | Hussite Wagon ×3 |
| 43:51 | Age | Imperial Age |
| 44:31 | Research | Capped Ram (upgrade) |
| 44:50 | Research | Elite Hussite Wagon (upgrade) |
| 45:11 | Create | Hand Cannoneer ×5 |
| 45:12 | Create | Hand Cannoneer ×5 |
| 46:23 | Create | Battering Ram ×5 |
| 47:12 | Research | Fletching |
| 47:13 | Research | Blast Furnace |
| 47:17 | Research | Padded Archer Armor |
| 47:27 | Research | Siege Engineers |
| 48:11 | Build | Farm |
| 48:11 | Build | Farm |
| 48:16 | Create | Villager (Male) ×5 |
| 48:25 | Build | House |
| 48:26 | Build | House |
| 48:27 | Build | House |
| 48:28 | Build | House |
| 49:35 | Build | House |
Match timeline
| 5:32 | 苹果核桃醋 · first_building Dock |
| 9:54 | Bong_serpant · first_building Dock |
| 10:18 | FrankstonSamurai · first_building Dock |
| 10:34 | FrankstonSamurai · age_up feudal |
| 11:34 | Bong_serpant · age_up feudal |
| 11:38 | 啥也不干 · age_up feudal |
| 11:59 | 啥也不干 · first_building Barracks |
| 13:42 | 苹果核桃醋 · first_building Barracks |
| 13:53 | 苹果核桃醋 · age_up feudal |
| 14:21 | 啥也不干 · first_building Stable |
| 14:28 | 苹果核桃醋 · first_building Stable |
| 14:53 | FrankstonSamurai · first_building Barracks |
| 16:03 | Bong_serpant · first_building Barracks |
| 17:42 | 苹果核桃醋 · age_up castle |
| 21:41 | Bong_serpant · first_building Archery Range |
| 22:44 | Bong_serpant · first_building Stable |
| 25:16 | Bong_serpant · wall_segment Stone Wall x11 |
| 25:23 | Bong_serpant · wall_segment Stone Wall x1 |
| 25:35 | 啥也不干 · first_market_buy 500 food |
| 26:49 | Bong_serpant · wall_segment Stone Wall x7 |
| 28:19 | 啥也不干 · age_up castle |
| 28:36 | 啥也不干 · first_building Castle |
| 31:32 | FrankstonSamurai · age_up castle |
| 31:59 | FrankstonSamurai · wall_segment Palisade Wall x5 |
| 32:49 | 苹果核桃醋 · first_building Castle |
| 34:30 | Bong_serpant · age_up castle |
| 36:22 | 啥也不干 · first_building Archery Range |
| 37:15 | 啥也不干 · first_building Siege Workshop |
| 37:31 | 苹果核桃醋 · age_up imperial |
| 37:35 | Bong_serpant · first_building Siege Workshop |
| 43:39 | FrankstonSamurai · first_building Siege Workshop |
| 43:51 | 啥也不干 · age_up imperial |
| 44:52 | Bong_serpant · first_building Castle |
| 46:25 | FrankstonSamurai · first_building Castle |
| 54:42 | FrankstonSamurai · first_market_sell 100 wood |
| 58:00 | Bong_serpant · resign |
[ AI ANALYSIS · 1 CREDIT ]
What really happened in this match?
Wolo.gg analyzes every decision: build order, eco, micro, common mistakes by bracket. Personalized analysis on WhatsApp or Discord in 30 seconds.
Civ guide
Khitans
Perfil
Jugador #836608